 Dungeon Sprint DCSS version 0.29-a0-892-g2c4c91d9db (webtiles) character file.

Game seed: 15794547390285673060

1914 mhtbhm the Basher (level 9, -1/63 HPs)
             Began as a Gargoyle Fighter on July 23, 2022.
             Was a Priest of Makhleb.
             Slain by a five-headed hydra (8 damage)
             ... in the Dungeon (Sprint IX: "|||||||||||||||||||||||||||||").
             The game lasted 00:01:39 (679 turns).

mhtbhm the Basher (Gargoyle Fighter)                 Turns: 679, Time: 00:01:40

Health: -1/63      AC: 18    Str: 25    XL:     9   Next: 16%
Magic:  9/9        EV: 12    Int: 14    God:    Makhleb [***...]
Gold:   0          SH:  5    Dex:  9    Spells: 8/8 levels left

rFire   . . .      SeeInvis .   a - +0 flail
rCold   . . .      Faith    .   c - +0 buckler
rNeg    + . .      Spirit   .   b - +2 ring mail
rPois   ∞          Reflect  .   o - +0 helmet
rElec   +          Harm     .   n - +0 cloak
rCorr   .          Rampage  .   (no gloves)
Will    .....      NoTele   +   (no boots)
Stlth   ..........              (no amulet)
HPRegen 0.20/turn               p - +3 ring of intelligence
MPRegen 0.11/turn               q - +3 ring of intelligence

@: no status effects
A: sickness immunity, AC +6, negative energy resistance 1, electricity
resistance, torment resistance 1, petrification resistance
a: Renounce Religion, Minor Destruction, Lesser Servant of Makhleb


You were in the Dungeon.
You worshipped Makhleb.
Makhleb was most pleased with you.
You visited 1 branch

Inventory:

Hand Weapons
 a - a +0 flail (weapon)
Armour
 b - a +2 ring mail (worn)
 c - a +0 buckler (worn)
 n - a +0 cloak (worn)
 o - a +0 helmet (worn)
Jewellery
 p - a +3 ring of intelligence (left hand)
 q - a +3 ring of intelligence (right hand)
Scrolls
 j - a scroll of blinking
 l - 2 scrolls of amnesia
Potions
 d - a potion of might
 e - 5 potions of curing
 f - a potion of invisibility
 g - a potion of haste
 h - 4 potions of magic
 i - a potion of berserk rage


   Skills:
 + Level 10.7 Fighting
 + Level 12.7 Maces & Flails
 + Level 9.1 Armour
 + Level 5.2 Dodging
 + Level 8.4 Shields
 + Level 3.1 Evocations


You had 8 spell levels left.
You didn't know any spells.
Your spell library was empty.

Dungeon Overview and Level Annotations

Branches:
Dungeon (1/1)

Altars:
Cheibriados
Dithmenos
Elyvilon
Fedhas
Gozag
Hepliaklqana
Kikubaaqudgha
Makhleb
Nemelex Xobeh
Okawaru
Qazlal
Ru
Sif Muna
Trog
Uskayaw
Vehumet
Wu Jian
Xom
Yredelemnul
Zin
The Shining One
Jiyva
Lugonu


Innate Abilities, Weirdness & Mutations

You are immune to sickness and miasma.
Your stone body is resilient. (AC +6)
You are immune to poison.
You resist negative energy. (rN+)
You are resistant to electric shocks. (rElec)
You are resistant to unholy torment.
You are immune to petrification.


Message History

The five-headed hydra bites you but does no damage. x2
The five-headed hydra bites you.
The five-headed hydra bites you but does no damage.
You sock the five-headed hydra!
The five-headed hydra is lightly wounded.
The five-headed hydra bites you but does no damage.
The five-headed hydra closely misses you.
The five-headed hydra misses you.
The five-headed hydra bites you but does no damage.
You block the five-headed hydra's attack.
Unknown command.
Aiming: Corrosive Bolt
Press: ? - help, Shift-Dir - straight line, f - five-headed hydra
Aim: a five-headed hydra (lightly wounded, 91% to hit)
The bolt of acid hits the five-headed hydra!
The acid corrodes the five-headed hydra!
The five-headed hydra is moderately wounded.
The bolt of acid hits the two-headed ogre!
The acid corrodes the two-headed ogre!
The two-headed ogre is moderately wounded.
The now-empty wand crumbles to dust.
The five-headed hydra bites you!
The five-headed hydra closely misses you.
The five-headed hydra bites you but does no damage. x3
Unknown command.
Unknown command.
You hit the five-headed hydra.
The five-headed hydra is moderately wounded.
You hit the five-headed hydra.
The five-headed hydra is moderately wounded.
The five-headed hydra bites you! The five-headed hydra bites you. x3
The five-headed hydra bites you but does no damage.
Unknown command.
You barely miss the five-headed hydra.
The five-headed hydra is moderately wounded.
The five-headed hydra bites you!
* * * LOW HITPOINT WARNING * * *
You block the five-headed hydra's attack.
The five-headed hydra bites you but does no damage.
The five-headed hydra bites you!
You die...

▓.▓
▓.▓
▓)▓
▓†▓
▓.▓
▓[▓
▓.▓
▓.▓
▓@▓
▓D▓
▓O▓
▓)▓
▓.▓
▓.▓
▓.▓
▓.▓
▓°▓


You could see a five-headed hydra (corroded) and a two-headed ogre (corroded).

Vanquished Creatures
  A boulder beetle (D)
  A troll (D)
  A vampire (D)
  A culicivora (shapeshifter) (D)
  A shadow (D)
  A yak (D)
  A wyvern (D)
  A vampire mosquito (D)
  A centaur (D)
  A necrophage (D)
  A killer bee (D)
  2 adders (D)
  A shadow imp (D)
  An orc (D)
  A ball python (D)
  A bat (D)
  2 hobgoblins (D)
  A rat (D)
20 creatures vanquished.

Notes
Turn   | Place    | Note
-------+----------+-------------------------------------------
     0 | D        | mhtbhm the Gargoyle Fighter began the quest for the Orb.
     0 | D        | Reached XP level 1. HP: 14/14 MP: 1/1
    61 | D        | Noticed a necrophage
    79 | D        | Reached skill level 3 in Maces & Flails
    79 | D        | Reached XP level 2. HP: 11/20 MP: 2/2
    98 | D        | Killed a necrophage
    99 | D        | Reached skill level 5 in Fighting
    99 | D        | Reached skill level 4 in Maces & Flails
    99 | D        | Reached skill level 5 in Armour
    99 | D        | Reached skill level 1 in Dodging
    99 | D        | Reached skill level 5 in Shields
    99 | D        | Reached XP level 3. HP: 12/26 MP: 3/3
    99 | D        | Reached XP level 4. HP: 14/31 MP: 4/4
   109 | D        | Reached skill level 5 in Maces & Flails
   127 | D        | Found a snail-covered altar of Cheibriados.
   127 | D        | Found a shadowy altar of Dithmenos.
   127 | D        | Found a white marble altar of Elyvilon.
   127 | D        | Found a blossoming altar of Fedhas.
   127 | D        | Found an opulent altar of Gozag.
   128 | D        | Found a hazy altar of Hepliaklqana.
   129 | D        | Found a viscous altar of Jiyva.
   222 | D        | Found an ancient bone altar of Kikubaaqudgha.
   223 | D        | Found a corrupted altar of Lugonu.
   224 | D        | Found a burning altar of Makhleb.
   225 | D        | Found a sparkling altar of Nemelex Xobeh.
   226 | D        | Found an iron altar of Okawaru.
   227 | D        | Found a stormy altar of Qazlal.
   228 | D        | Found a sacrificial altar of Ru.
   229 | D        | Found a shimmering blue altar of Sif Muna.
   230 | D        | Found a bloodstained altar of Trog.
   231 | D        | Found a hide-covered altar of Uskayaw.
   232 | D        | Became a worshipper of Makhleb the Destroyer
   233 | D        | Found a radiant altar of Vehumet.
   234 | D        | Found an ornate altar of the Wu Jian Council.
   235 | D        | Found a shimmering altar of Xom.
   236 | D        | Found a basalt altar of Yredelemnul.
   237 | D        | Found a glowing silver altar of Zin.
   238 | D        | Found a glowing golden altar of the Shining One.
   432 | D        | Noticed a shadow
   432 | D        | Noticed a yak
   432 | D        | Noticed a vampire
   432 | D        | Noticed a wyvern
   432 | D        | Noticed a centaur
   435 | D        | Killed a shadow
   436 | D        | Reached skill level 7 in Maces & Flails
   436 | D        | Reached XP level 5. HP: 38/38 MP: 5/5
   436 | D        | Reached XP level 6. HP: 44/44 MP: 6/6
   437 | D        | Killed a wyvern
   438 | D        | Reached skill level 8 in Maces & Flails
   438 | D        | Reached * piety under Makhleb
   439 | D        | Reached skill level 9 in Maces & Flails
   439 | D        | Reached XP level 7. HP: 50/50 MP: 7/7
   441 | D        | Killed a yak
   442 | D        | Reached skill level 1 in Evocations
   443 | D        | Killed a vampire
   444 | D        | Reached skill level 10 in Maces & Flails
   450 | D        | Reached ** piety under Makhleb
   508 | D        | Noticed a boulder beetle
   508 | D        | Noticed a culicivora
   508 | D        | Noticed a troll
   508 | D        | Noticed a vampire mosquito
   508 | D        | Noticed a five-headed hydra
   508 | D        | Noticed a two-headed ogre
   511 | D        | Killed a troll
   511 | D        | Killed a vampire mosquito
   512 | D        | Reached skill level 11 in Maces & Flails
   512 | D        | Reached XP level 8. HP: 57/57 MP: 8/8
   516 | D        | Killed a culicivora
   517 | D        | Reached skill level 10 in Fighting
   533 | D        | Killed a boulder beetle
   533 | D        | Reached *** piety under Makhleb
   534 | D        | Reached skill level 12 in Maces & Flails
   534 | D        | Reached skill level 5 in Dodging
   534 | D        | Reached XP level 9. HP: 35/63 MP: 9/9
   679 | D        | Slain by a five-headed hydra

Illustrated notes

Levels and vault maps discovered:
D:        linesprint [early_d, line_temple, items_1, d_10, items_2, lair_1,
          lair_end, items_3, orc_1, orc_end, items_4, d_15, swamp_1, shoals_1,
          snake_1, spider_1, d_20, vaults_1, items_5, swamp_end, shoals_end,
          snake_end, spider_end, vaults_end, d_27, items_6, zot_1, zot_end,
          crypt_end, forest_end, elf_end, slime_end, tomb_end, abyss_end,
          pan_hell_end]

Skill      XL: |  1  2  3  4  5  6  7  8 |
---------------+-------------------------+-----
Fighting       | 4 5 7 8 9 10 | 10.7
Maces & Flails | 3 4 7 9 11 12 | 12.7
Armour         | 4 5 6 7 8 9 |  9.1
Shields        | 4 5 6 7 8 |  8.4
Dodging        | 1 2 3 4 5 |  5.2
Evocations     | 2 3 |  3.1

Action                   |  1- 3 |  4- 6 |  7- 9 || total
-------------------------+-------+-------+-------++-------
Melee: Flail             |    62 |    24 |    30 ||   116
Evoke: Wand              |       |     4 |     6 ||    10
  Use: Potion            |     1 |       |     2 ||     3
       Scroll            |       |       |     1 ||     1
Armor: Scale mail        |    41 |    11 |       ||    52
       Ring mail         |       |     3 |    18 ||    21
Dodge: Dodged            |    39 |    10 |    16 ||    65
Block: Buckler           |    11 |     2 |     7 ||    20

Table legend: (Time is in decaauts)
 A = Elapsed time spent in this place.
 B = Non-inter-level travel time spent in this place.
 C = Inter-level travel time spent in this place.
 D = Time resting spent in this place.
 E = Time spent auto-exploring this place.
 F = Levels seen in this place.
 G = Mean time per level.
                   A        B        C        D        E       F      G
               +--------+--------+--------+--------+--------+-----+--------+
         Total |    697 |    697 |      0 |    428 |      0 |   1 |  697.0 |
       Dungeon |    697 |    697 |      0 |    428 |      0 |   1 |  697.0 |
               +--------+--------+--------+--------+--------+-----+--------+

Top non-repeatable levels by time:
       D: 697 daAuts
